 Dungeon Crawl Stone Soup version 0.14-a0-77-g9a1e883 (webtiles) character file.

1699 Malachi the Soul Tainter (level 8, -1/58 HPs)
             Began as a Demonspawn Death Knight on Oct 1, 2013.
             Was a Priest of Yredelemnul.
             Slain by an orc warrior
             ... wielding a +0,+1 orcish trident of freezing
              (10 damage)
             ... on Level 1 of the Orcish Mines.
             The game lasted 00:18:26 (7219 turns).

Malachi the Soul Tainter (Demonspawn Death Knight)  Turns: 7219, Time: 00:18:26

HP  -1/58        AC 15     Str 16      XL: 8   Next: 42%
MP  17/17        EV  6     Int 13      God: Yredelemnul [***...]
Gold 294         SH  2     Dex 12      Spells:  0 memorised,  7 levels left

Res.Fire  : . . .   See Invis. : .   B - +1,+0 orc flail
Res.Cold  : . . .   Warding    : .   o - +2 chain mail
Life Prot.: . . .   Conserve   : .   (no shield)
Res.Poison: .       Res.Corr.  : .   (no helmet)
Res.Elec. : .       Clarity    : .   C - +0 cloak
Sust.Abil.: . .     Spirit.Shd : .   (no gloves)
Res.Mut.  : .       Stasis     : .   (no boots)
Res.Rott. : .       Flight     : .   (no amulet)
Saprovore : . . .                    (no ring)
                                     e - ring of sustenance

@: slightly resistant to hostile enchantments, extremely unstealthy
A: claws 1, powered by death 2, AC +2, SH +2
a: Animate Dead, Recall Undead Slaves, Injury Mirror, Renounce Religion


You were on level 1 of the Orcish Mines.
You worshipped Yredelemnul.
Yredelemnul was most pleased with you.
You were not hungry.

You visited 2 branches of the dungeon, and saw 8 of its levels.

You collected 274 gold pieces.

Inventory:

Hand weapons
 a - a +1,+1 mace
 y - a +1,+0 dwarven mace
 B - a +1,+0 orcish flail (weapon)
Armour
 b - a +0 leather armour
 o - a +2 chain mail (worn)
 C - a +0 cloak (worn)
Magical devices
 m - a wand of flame (0)
 F - a wand of fire (8) {unknown}
Comestibles
 c - 2 bread rations
 i - 2 meat rations
Scrolls
 d - 3 scrolls of identify
 f - a scroll of curse armour {unknown}
 k - a scroll of blinking
 p - 2 scrolls of enchant weapon II {unknown}
 u - a scroll of enchant weapon I {unknown}
 v - 2 scrolls of enchant armour {unknown}
 w - 2 scrolls of noise {unknown}
 x - a scroll of random uselessness {unknown}
 z - 2 scrolls of teleportation
 A - a scroll of curse jewellery {unknown}
 I - a scroll of vulnerability {unknown}
Jewellery
 e - a ring of sustenance (left claw)
 g - an uncursed amulet of guardian spirit
 K - an uncursed amulet of rage {unknown}
Potions
 h - a potion of berserk rage {unknown}
 j - 3 potions of confusion
 l - 2 potions of heal wounds
 q - a potion of restore abilities {unknown}
 s - 2 potions of curing {unknown}
 t - 2 potions of paralysis {unknown}
 E - a potion of agility {unknown}
 J - a potion of magic {unknown}
Books
 n - a Necronomicon {highlevel}

   This book is beyond your current level of understanding.

   Spells                             Type                      Level
   Borgnjor's Revivification          Necromancy                   7
   Haunt                              Necromancy/Summoning         7
   Death's Door                       Charms/Necromancy            8
   Necromutation                      Transmutation/Necromancy     8
 D - a book of Dreams

   Spells                             Type                      Level
   Ensorcelled Hibernation            Hexes/Ice                    2
   Flight                             Charms/Air                   3
   Phase Shift                        Translocation                5
   Shadow Creatures                   Summoning                    5
   Mass Confusion                     Hexes                        6
   Darkness                           Hexes                        7
 H - a book of Dreams

   Spells                             Type                      Level
   Ensorcelled Hibernation            Hexes/Ice                    2
   Flight                             Charms/Air                   3
   Phase Shift                        Translocation                5
   Shadow Creatures                   Summoning                    5
   Mass Confusion                     Hexes                        6
   Darkness                           Hexes                        7


   Skills:
 + Level 3.9 Fighting
 + Level 4.6 Maces & Flails
 + Level 4.9 Armour
 + Level 4.4 Dodging
 + Level 0.6 Stealth
 + Level 6.5 Invocations
 + Level 0.7 Evocations


You had 7 spell levels left.
You didn't know any spells.

Dungeon Overview and Level Annotations

Branches:
Dungeon (6/27)                Orc (2/4) D:6
 Temple: D:4-7

Altars:
Elyvilon
Fedhas
Makhleb
Nemelex Xobeh
Yredelemnul
Zin

Shops:
D:5 [

Annotations:
D:4 Dowan


Innate Abilities, Weirdness & Mutations

You have sharp fingernails.
You are partially covered in large bone plates (AC +2, SH +2).
You can steal the life force of defeated enemies.


Message History

Your orc zombie barely misses the orc warrior.
Your orc zombie completely misses the orc warrior.
The orc hits your orc zombie with an orcish dagger.
Your orc zombie hits the orc warrior but does no damage.
The orc hits your orc zombie but does no damage.
Your orc zombie hits the orc warrior with an orcish club.
The orc warrior hits your orc zombie with an orcish trident of freezing.
Your orc zombie is destroyed!
Your orc zombie hits the orc with an orcish club.
Your orc zombie hits the orc with an orcish falchion.
The orc hits your orc zombie but does no damage.
Your orc zombie hits the orc warrior but does no damage.
Your orc zombie hits the orc with an orcish falchion.
The orc dies!
Yredelemnul accepts your slave's kill.
Your orc zombie closely misses the orc warrior.
Your dark mirror aura disappears.
The orc warrior hits you with an orcish trident of freezing!
You die...
Your body rises from the dead as a mindless zombie.

###### ##.##.##
##......#
##.#.#..###
#.....).#(##
##.#..z)[..##
##..)zo@...##
##....z.....###
#...#......##.##
##...##.........#
#...##....#..#.##
#...#.........##
##.###.#.....f#
### ####....##
##..##


You could see an orc warrior and 3 friendly orc zombies.

Vanquished Creatures
  3 sky beasts
  Duvessa (D:4)
  A giant frog (D:6)
  3 crimson imps
  A giant frog skeleton (D:4)
  3 orc priests
  2 hounds
  A scorpion (D:5)
  2 orc wizards
  2 worker ants (D:5)
  An iguana (D:5)
  4 gnolls (D:3)
  5 adders
  A giant mite (D:3)
  An inept feature mimic (D:4)
  5 worms
  An iguana skeleton (D:5)
  An ooze (D:3)
  3 giant geckos (D:3)
  17 orcs
  3 giant cockroaches
  8 goblins
  8 hobgoblins
  A jackal (D:3)
  10 kobolds
  4 quokkas
  4 ball pythons
  9 bats
  A giant newt (D:1)
  A hobgoblin zombie (D:6)
  A quokka skeleton (D:6)
  7 rats
  2 ballistomycetes (D:6)
117 creatures vanquished.

Vanquished Creatures (collateral kills)
  An orc warrior (D:6)
  A warg (D:6)
  4 orc priests
  2 orc wizards
  A worker ant zombie (D:5)
  An adder (D:3)
  A worm (D:3)
  A giant eyeball (D:5)
  A giant gecko (D:3)
  15 orcs
  2 hobgoblins (D:6)
  A jackal (D:3)
  A kobold (D:5)
  A quokka (D:6)
  3 bats
  2 goblins
  A rat (D:5)
39 creatures vanquished.

Vanquished Creatures (others)
  A hound zombie (D:6)
  2 adder zombies (D:3)
  A bat zombie (D:6)
  A giant spore (D:6)
  2 hobgoblin zombies (D:6)
  2 kobold zombies
  6 orc zombies
  A rat zombie (D:4)
16 creatures vanquished.

Grand Total: 172 creatures vanquished

Notes
Turn   | Place    | Note
--------------------------------------------------------------
     0 | D:1      | Malachi, the Demonspawn Death Knight, began the quest for the Orb.
     0 | D:1      | Reached XP level 1. HP: 16/16 MP: 2/2
   292 | D:1      | Reached skill level 1 in Armour
   362 | D:1      | Gained mutation: You can steal the life force of nearby defeated enemies. [demonic ancestry]
   362 | D:1      | Reached XP level 2. HP: 15/22 MP: 4/4
   364 | D:1      | Reached skill level 1 in Dodging
   367 | D:1      | Reached skill level 4 in Invocations
  1326 | D:2      | Reached XP level 3. HP: 24/27 MP: 6/6
  1450 | D:2      | HP: 1/27 [worm (7)]
  1561 | D:2      | Acquired Yredelemnul's second power
  1822 | D:2      | Found a glowing silver altar of Zin.
  2044 | D:3      | Found a basalt altar of Yredelemnul.
  2083 | D:3      | Reached XP level 4. HP: 25/34 MP: 7/7
  2770 | D:3      | Gained mutation: You are partially covered in large bone plates (AC +2, SH +2). [demonic ancestry]
  2770 | D:3      | Reached XP level 5. HP: 29/39 MP: 9/9
  3163 | D:3      | Noticed a sky beast
  3188 | D:3      | Killed a sky beast
  3188 | D:3      | Reached XP level 6. HP: 14/46 MP: 11/11
  3479 | D:4      | Noticed Duvessa
  3479 | D:4      | Noticed Dowan
  3638 | D:4      | Found a white marble altar of Elyvilon.
  3697 | D:4      | Found a blossoming altar of Fedhas.
  3902 | D:4      | Killed Duvessa
  3926 | D:5      | Entered Level 5 of the Dungeon
  4185 | D:5      | Found Irrusuda's Armour Shoppe.
  4224 | D:5      | Gained mutation: You have sharp fingernails. [demonic ancestry]
  4224 | D:5      | Reached XP level 7. HP: 21/51 MP: 13/13
  4433 | D:5      | Acquired Yredelemnul's third power
  4437 | D:5      | Reached skill level 5 in Invocations
  4702 | D:5      | Paralysed by a giant eyeball for 4 turns
  4709 | D:5      | Paralysed by a giant eyeball for 4 turns
  5873 | D:6      | Found a burning altar of Makhleb.
  5873 | D:6      | Noticed a cacodemon
  5876 | D:6      | Noticed a hellwing
  6131 | D:6      | Gained mutation: You can steal the life force of defeated enemies. [demonic ancestry]
  6131 | D:6      | Reached XP level 8. HP: 45/58 MP: 16/16
  6228 | D:6      | Reached skill level 6 in Invocations
  6341 | D:6      | Found a staircase to the Orcish Mines.
  6414 | D:6      | Found a sparkling altar of Nemelex Xobeh.
  6516 | Orc:1    | Entered Level 1 of the Orcish Mines
  7219 | Orc:1    | Slain by an orc warrior

Action                   |  1- 3 |  4- 6 |  7- 9 || total
-------------------------+-------+-------+-------++-------
Melee: Mace              |   139 |   220 |       ||   359
       Flail             |       |    41 |   251 ||   292
Invok: Animate Remains   |     5 |    13 |     1 ||    19
       Animate Dead      |       |       |    16 ||    16
       Recall Undead Sla |       |       |     2 ||     2
       Injury Mirror     |       |       |     1 ||     1
Evoke: Wand              |       |     6 |     2 ||     8
  Use: Scroll            |       |     7 |     1 ||     8
       Potion            |       |     5 |     1 ||     6
 Stab: Sleeping          |     1 |       |       ||     1
       Invisible         |       |     2 |       ||     2
